Map: Ruins of Seras

Players

CaptRaynor

  • Race: Protoss Protoss
  • League: Grandmaster

bunchoftrees - Winner!

  • Race: Zerg Zerg
  • League: Grandmaster

VOD

Have the link to the VOD?

Description

Time

  • Played on: July 7, 2015, 12:50 a.m.
  • Length: 12:20
Show
View Real Time Build Order
Export as new Build Order

CaptRaynor Protoss 

Build Orders:  

Get SALT Encoding   

  12  0:03  Probe  
  13  0:20  Probe  
  14  0:27  Pylon  
  14  0:45  Probe  
  14  0:48  Gateway  
  15  1:06  Probe  
  15  1:09  Assimilator  
  16  1:22  Probe (Chrono Boost), Pylon  
  18  1:33  Probe (Chrono Boost)  
  18  1:38  Pylon  
  18  1:40  Cybernetics Core  
  18  1:43  Probe (Chrono Boost)  
  20  1:55  Probe (Chrono Boost)  
  20  2:03  Probe (Chrono Boost)  
  21  2:15  Nexus, Assimilator  
  21  2:17  Warp Gate (Chrono Boost)  
  23  2:22  Adept  
  23  2:29  Probe  
  24  2:41  Probe  
  25  2:57  Probe  
  25  3:11  Pylon  
  25  3:12  Probe  
  26  3:15  Twilight Council  
  26  3:31  Probe x2  
  28  3:39  Gateway  
  28  3:41  Gateway  
  28  3:44  Probe x2  
  28  3:45  Forge  
  30  3:57  Probe x2  
  32  4:03  Adept  
  34  4:10  Probe  
  34  4:13  Mothership Core  
  37  4:22  Protoss Ground Weapons Level 1 (Chrono Boost), Shield Upgrade  
  37  4:23  Pylon  
  37  4:35  Probe x2  
  39  4:44  Robotics Facility  
  39  4:47  Pylon  
  39  4:51  Stalker  
  39  4:52  Stalker x2  
  45  4:54  Probe  
  45  4:55  Probe  
  47  5:10  Probe x2, Assimilator  
  49  5:24  Charge (Chrono Boost)  
  49  5:28  Adept x3  
  51  5:32  Probe x2  
  57  5:43  Assimilator  
  57  5:44  Probe x2  
  57  5:47  Observer  
  59  5:53  Zealot x3  
  65  6:09  Probe x2  
  67  6:19  Nexus  
  67  6:21  Pylon  
  61  6:30  Adept x3  
  67  6:34  Protoss Ground Weapons Level 2 (Chrono Boost)  
  63  6:54  Immortal  
  67  7:13  Stalker  
  67  7:14  Stalker x2  
  71  7:40  Stalker x3  
  77  7:49  Immortal  
  80  8:06  Zealot x3  
  66  8:30  Immortal  
  70  8:44  Protoss Ground Weapons Level 3 (Chrono Boost), Pylon  
  70  8:49  Adept x3  
  66  9:19  Stalker  
  66  9:20  Stalker x2  
  72  9:24  Pylon  
  58  9:49  Adept x2  
  58  9:50  Adept  
  58  9:53  Immortal (Chrono Boost)  
  57  10:11  Gateway  
  57  10:12  Gateway  
  57  10:17  Adept x3, Robotics Bay  
  63  10:39  Immortal (Chrono Boost)  
  63  10:42  Adept x3  
  75  11:13  Disruptor (Chrono Boost)  
  75  11:19  Pylon  
  75  11:23  Disruptor, Pylon  
  75  11:29  Pylon  
Show
View Real Time Build Order
Export as new Build Order

bunchoftrees Zerg - Winner!

Build Orders: Pool First 

Get SALT Encoding   

  12  0:01  Drone  
  13  0:08  Drone  
  14  0:18  Overlord  
  14  0:34  Spawning Pool  
  13  0:38  Drone  
  14  0:45  Drone  
  14  0:46  Extractor  
  14  0:47  Drone  
  15  1:00  Drone  
  16  1:20  Hatchery  
  16  1:23  Drone x2  
  17  1:36  Queen  
  19  1:53  Zergling x2  
  20  1:56  Drone x2  
  20  1:57  Extractor  
  20  1:58  Metabolic Boost  
  21  2:04  Drone  
  22  2:20  Overlord  
  22  2:31  Queen  
  22  2:32  Drone x2  
  26  2:37  Drone  
  27  2:45  Drone x3  
  30  2:51  Drone  
  30  2:52  Drone  
  32  3:09  Roach Warren  
  31  3:14  Lair  
  31  3:17  Drone  
  31  3:19  Drone  
  33  3:24  Overlord  
  33  3:34  Drone x2  
  33  3:35  Drone  
  33  3:37  Overlord  
  36  3:44  Overlord  
  36  3:49  Drone x3  
  36  3:55  Roach  
  41  3:56  Roach  
  41  3:59  Roach  
  45  4:06  Roach  
  45  4:07  Roach  
  45  4:08  Roach  
  51  4:14  Glial Reconstitution  
  51  4:16  Overseer  
  51  4:24  Drone x3, Extractor  
  52  4:26  Drone  
  52  4:27  Roach  
  52  4:28  Roach  
  58  4:39  Evolution Chamber  
  57  4:49  Drone  
  57  4:50  Roach  
  60  4:53  Overlord x4  
  60  5:06  Hatchery  
  59  5:07  Zerg Missile Weapons Level 1  
  59  5:16  Ravager x2  
  61  5:27  Queen  
  63  5:29  Roach x3  
  63  5:30  Roach x2  
  73  5:50  Roach x3  
  73  5:51  Roach x4  
  73  5:56  Drone x3  
  90  5:58  Extractor  
  90  5:59  Drone  
  90  6:02  Ravager x2  
  92  6:09  Overlord x2  
  86  6:49  Roach x6  
  86  6:50  Roach x8  
  114  7:03  Zerg Missile Weapons Level 2  
  107  7:37  Ravager x2  
  107  7:39  Roach x3  
  107  7:41  Overlord x4  
  107  7:42  Overlord  
  114  7:49  Hydralisk Den  
  86  8:29  Roach x3  
  86  8:30  Roach x8  
  86  8:31  Roach x2  
  106  8:38  Tunneling Claws  
  106  8:40  Burrow  
  106  8:42  Muscular Augments  
  106  8:45  Hydralisk x5  
  116  9:03  Hatchery  
  91  9:19  Ravager x4  
  91  9:20  Ravager  
  81  9:50  Roach  
  81  9:51  Roach x8  
  81  9:52  Roach x7  
  106  10:02  Lurker Den  
  106  10:09  Hydralisk, Roach x2  
  106  10:10  Roach x2  
  106  10:11  Roach  
  118  10:25  Drone x2  
  120  10:36  Extractor  
  120  10:41  Extractor  
  118  10:54  Roach x4  
  118  10:56  Roach x6  
  118  10:57  Roach x3  
  136  11:27  Roach x4  
Tags
 
Add a new tag
Caveats
  • Supply blocks, unpowered buildings, or Contaminate may cause inaccurate times.
  • Supply counts are checked every 10 seconds.